Cogmind - Beta 16 @@@ ROGUE MODE // 2025.11.20 @ 18:14:49 Player: guru-sr Result: Self-destructed Performance ------------- Evolutions (3) 1500 Regions Visited (7) 1400 Robots Destroyed (175) 875 Value Destroyed (6836) 6836 Prototype IDs (18) 360 Alien Tech Used (0) 0 Bonus (3872) 3872 TOTAL SCORE: 14843 Bonus ------- High Alert Combat Kills 1766 Follower Combat Kills 737 Entered Garrisons 400 Used RIF Installer 1000 Friendly Fire -31 Cogmind --------- Core Integrity 427/700 Matter 99/300 Energy 100/100 System Corruption 5% Temperature Warm (138) Movement Rolling (215) Ox9 Location -7/Factory Parts ------- > --- POWER (1) -------- (None) > --- PROPULSION (4) --- Wheel > --- UTILITY (5+1) ---- Huge Storage Unit Improved Terrain Scanner Improved Terrain Scan Processor Hardened Medium Armor Plating Makeshift System Shield (+) Rainbow Chip > --- WEAPON (3+1) ----- Gatling Laser Cooled Pulse Rifle > --- INVENTORY (25) --- Micro Nuclear Core Improved Cooling System Matter Compressor (0) Advanced Targeting Computer Hardened Medium Armor Plating Hardened Heavy Armor Plating Makeshift System Shield Relay Coupler [NC] (32) Relay Coupler [NC] (32) Relay Coupler [Grunt] (22) Relay Coupler [Behemoth] (11) High-powered Tractor Beam Hypervelocity Gauss Rifle Bore Cannon Subdweller Shrapnel Launcher Datajack Multitool Ripper Peak State ------------ > --- POWER ------------ Improved Ion Engine Fission Core > --- PROPULSION ------- Light Treads Light Treads Light Treads Light Treads Armored Treads > --- UTILITY ---------- Improved Cooling System Huge Storage Unit Improved Terrain Scan Processor Hardened Medium Armor Plating Makeshift System Shield Rainbow Chip > --- WEAPON ----------- Heavy Ion Cannon Heavy Ion Cannon Flak Cannon > --- INVENTORY -------- Medium Treads Matter Compressor Improved Terrain Scanner Seismic Detector Advanced Targeting Computer Hardened Medium Armor Plating Hardened Medium Armor Plating Hardened Heavy Armor Plating Makeshift System Shield Relay Coupler [NC] Relay Coupler [NC] Relay Coupler [Grunt] Relay Coupler [Grunt] Relay Coupler [Behemoth] High-powered Tractor Beam Gatling Laser Hypervelocity Gauss Rifle Bore Cannon Bore Cannon Subdweller Shrapnel Launcher Subdweller Shrapnel Launcher Datajack Multitool Ripper [Rating: 61] Favorites ----------- Power Improved Ion Engine Engine Improved Ion Engine Power Core Fission Core Propulsion Light Treads Treads Light Treads Wheel Armored Wheel Utility Huge Storage Unit Device Seismic Detector Storage Huge Storage Unit Processor Rainbow Chip Hackware Makeshift System Shield Protection Hardened Medium Armor Plating Weapon Heavy Ion Cannon Energy Gun Subdweller Laser Energy Cannon Heavy Ion Cannon Ballistic Gun Assault Rifle Ballistic Cannon Flak Cannon Launcher Subdweller Shrapnel Launcher Special Weapon Mining Laser Slashing Weapon Ripper Special Melee Weapon Datajack Build | -11 -10 -10 -8 -8 -8 -8 -7 ------- Run | Yrd Mat Sub Mat Gar Mat Gar Fac Slots Evolved 6 | . . . 4 . . . 2 Power . | . . . . . . . . Propulsion 2 | . . . 1 . . . 1 Utility 3 | . . . 2 . . . 1 Weapon 1 | . . . 1 . . . . Parts Attached 118 | 7 10 17 29 19 11 14 11 Power 15 | 1 1 3 3 4 1 2 . Engine 13 | 1 1 3 3 2 1 2 . Core 2 | . . . . 2 . . . Reactor . | . . . . . . . . Propulsion 28 | 2 2 4 7 4 2 5 2 Treads 21 | 2 1 2 6 2 2 5 1 Leg . | . . . . . . . . Wheel 7 | . 1 2 1 2 . . 1 Hover . | . . . . . . . . Flight . | . . . . . . . . Utility 38 | 2 3 . 8 7 6 6 6 Device 10 | 1 . . 2 2 1 2 2 Storage 3 | 1 1 . 1 . . . . Processor 5 | . . . 1 2 1 . 1 Hackware 9 | . . . . 1 3 4 1 Protection 11 | . 2 . 4 2 1 . 2 Artifact . | . . . . . . . . Weapon 37 | 2 4 10 11 4 2 1 3 Energy Gun 10 | 1 1 4 2 1 . . 1 Energy Cannon 6 | . . 1 2 2 . 1 . Ballistic Gun 10 | 1 2 3 4 . . . . Ballistic Cannon 5 | . . 1 1 . 2 . 1 Launcher 2 | . . . 1 . . . 1 Special Weapon 2 | . 1 . 1 . . . . Impact Weapon . | . . . . . . . . Slashing Weapon 1 | . . 1 . . . . . Piercing Weapon . | . . . . . . . . Special Melee Weapon 1 | . . . . 1 . . . Unidentified Prototypes 4 | . . . 3 . . . 1 Parts Lost 28 | . 1 5 3 1 . 2 16 Power 6 | . 1 2 . . . 1 2 Propulsion 12 | . . 1 3 1 . 1 6 Utility 4 | . . 1 . . . . 3 Weapon 6 | . . 1 . . . . 5 Highest Loss Streak 8 | . 1 1 1 1 . 1 8 To Critical Strikes . | . . . . . . . . Average Backups 22 | 4 17 22 24 24 24 23 22 Power . | . 1 1 1 . . . . Propulsion 2 | 1 3 3 3 2 1 1 . Utility 10 | . 7 8 11 13 15 14 13 Weapon 6 | 1 4 7 6 5 5 6 6 Tool/Special . | . . . . . . . . Unused Backups 41 | . 1 8 13 3 2 3 11 Power 5 | . . 1 3 . . . 1 Propulsion 1 | . 1 . . . . . . Utility 27 | . . 4 7 2 2 3 9 Weapon 8 | . . 3 3 1 . . 1 Tool/Special . | . . . . . . . . Average Slot Usage (%) 97 | . 99 99 98 98 92 91 88 Engine 9 | . 14 13 9 7 1 5 5 Core 1 | . . . . 1 11 6 3 Treads 17 | . 14 14 19 16 13 23 22 Wheel 9 | . 12 13 7 9 13 2 1 Device 10 | . 13 11 15 7 5 7 9 Storage 10 | . 14 14 9 8 6 6 5 Processor 5 | . . . 8 9 13 6 11 Hackware 1 | . . . . 1 6 7 5 Protection 2 | . . 2 2 8 . 3 1 Energy Gun 6 | . 12 7 7 5 . . 2 Energy Cannon 8 | . . 6 9 10 12 13 8 Ballistic Gun 3 | . 14 4 2 . . . . Ballistic Cannon 6 | . . 9 7 6 4 5 5 Peak Build Rating 61 | 7 10 16 31 58 60 60 61 Average Rating 28 | 5 8 13 26 36 56 55 56 On Entrance 29 | . 7 10 16 31 58 57 57 Avg Prop Armor Cover (%) 13 | . 13 12 16 12 15 14 7 Naked Turns . | . . . . . . . . Heaviest Build 132 | 12 93 100 106 127 130 132 129 Greatest Support 100 | 40 40 40 60 24 24 80 100 Greatest Overweight (x) 11 | 1 5 6 8 9 5 10 11 Average Overweight (x) 5 | . 4 5 6 7 4 1 2 Largest Inventory Capacity 25 | 8 25 25 25 25 25 25 25 Average Capacity 24 | 7 24 25 25 25 25 25 25 Most Carried 25 | 7 24 25 25 25 25 25 25 Average Carried 23 | 4 17 24 24 24 24 24 23 Final Capacity 25 | 8 25 25 25 25 25 25 25 Final Carried 25 | 7 24 25 25 25 25 25 19 Class Distribution -------------------- 39% | Mutant 25% | Scavenger-Gunner 8% | Scavenger-Mutant 5% | Scavenger-Tank 5% | Gunner 4% | Commander-Gunner 4% | Bothacker-Gunner 3% | Scavenger-Skirmisher Dominant Class ---------------- Mutant | -10/Materials Mutant | -10/Subcaves Scavenger-Gunner | -8/Materials Scavenger-Gunner | -8/Garrison Bothacker-Gunner | -8/Materials Scavenger-Tank | -8/Garrison Scavenger-Skirmisher | -7/Factory Resources | -11 -10 -10 -8 -8 -8 -8 -7 ----------- Run | Yrd Mat Sub Mat Gar Mat Gar Fac Matter Collected 6409 | 276 528 740 1084 1216 776 1186 603 Remotely . | . . . . . . . . Salvage Created 5901 | 111 501 254 1592 901 648 725 1169 Parts 301 | 7 19 16 79 42 28 47 63 Haulers Intercepted 7 | . 2 . 4 . 1 . . Recyclers Shooed 8 | . 1 . 3 . 1 . 3 Parts Field Recycled . | . . . . . . . . Retrieved Matter . | . . . . . . . . Parts Self-Destructed 11 | . . 11 . . . . . Prevented . | . . . . . . . . Parts Restored . | . . . . . . . . Kills | -11 -10 -10 -8 -8 -8 -8 -7 ------- Run | Yrd Mat Sub Mat Gar Mat Gar Fac Combat Hostiles Destroyed 123 | . 7 8 26 26 10 25 21 Guns 34 | . 7 3 16 3 . . 5 Cannons 58 | . . 5 8 6 10 22 7 AOE 28 | . . . 1 16 . 3 8 Classes Destroyed 18 | 2 5 3 3 1 1 3 . Worker 8 | . 1 . 1 . . . 6 Builder 12 | . . . 3 . 1 . 8 Tunneler 2 | 2 . . . . . . . Hauler 7 | . 2 . 4 . 1 . . Recycler 11 | 1 2 . 4 . 1 . 3 Mechanic 2 | . . . . . 1 . 1 Operator 2 | . . . 2 . . . . Watcher 6 | . 1 . 4 . 1 . . Swarmer 28 | . 3 . 6 3 . 9 7 Grunt 56 | . 4 . 13 17 8 5 9 Duelist 8 | . . . 1 4 1 1 1 Sentry 18 | . . 1 6 2 1 6 2 Specialist 1 | . . . . . . 1 . Hunter 2 | . . . . . . 1 1 Programmer 4 | . . . . . . 3 1 Artisan 1 | . . 1 . . . . . Subdweller 7 | . . 7 . . . . . Savage 1 | . . . . 1 . . . Best Kill Streak 11 | 1 4 1 5 4 3 5 11 Combat Bots Only 5 | . 3 1 4 4 2 5 5 Max Kills in Single Turn 5 | 1 1 1 2 2 2 2 5 Gunslinging 1 | . . . 1 . . . . Exploded 3 | . . . 1 2 . 1 3 Melee . | . . . . . . . . Uniques/NPCs Destroyed . | . . . . . . . . Combat | -11 -10 -10 -8 -8 -8 -8 -7 -------- Run | Yrd Mat Sub Mat Gar Mat Gar Fac Hostile Shots Fired 551 | . 28 46 97 35 33 92 220 Missed 142 | . 5 13 18 11 6 25 64 Hits 409 | . 23 33 79 24 27 67 156 Melee 10 | . . . . 4 . 3 3 Projectile 399 | . 23 33 79 20 27 64 153 AOE 3 | . . 3 . . . . . Critical Strikes 16 | . 2 . 7 1 1 1 4 Damage Taken 6905 | . 403 835 1287 653 447 1072 2208 Core 897 | . 54 106 274 51 78 61 273 Absorbed by Shields . | . . . . . . . . Ignored by Resistances 58 | . . . 58 . . . . Regen/Repaired (Parts) 519 | . 262 . 96 . 161 . . Core Remaining (%) 50 | 100 . 36 . . . 15 . Volleys Fired 356 | 6 47 37 71 30 31 75 59 Largest 3 | 2 2 2 3 3 3 3 3 Hottest 181 | 70 100 133 173 181 178 178 170 Shots Fired 844 | 12 78 70 197 79 89 175 144 Gun 282 | 12 66 50 98 17 . . 39 Cannon 511 | . . 18 96 42 88 170 97 Launcher 34 | . . . 2 20 1 5 6 Special 17 | . 12 2 1 . . . 2 Kinetic 308 | 6 31 33 84 32 27 50 45 Thermal 532 | 6 47 33 113 47 62 125 99 Explosive . | . . . . . . . . Electromagnetic 4 | . . 4 . . . . . Robot Hit Streak 27 | 3 9 25 27 19 8 8 13 Robot Miss Streak 19 | 1 2 2 5 2 8 9 19 Penetration Max . | . . . . . . . . Secondary Targets 2 | . 1 . 1 . . . . Max Gunslinging Chain 1 | . 1 . 1 . . . . Shots Hit Robots 534 | 7 45 58 119 76 62 83 84 Core Hits 334 | 5 23 16 78 46 32 53 81 Critical Kills 6 | . . . 1 1 . 2 2 Critical Parts Destroyed 5 | . . . . . 3 . 2 Critical Strikes 18 | 1 2 2 1 2 4 2 4 Burn 5 | 1 2 1 . 1 . . . Meltdown 3 | . . . 1 1 . . 1 Destroy 9 | . . . . . 4 2 3 Blast 1 | . . 1 . . . . . Melee Attacks 82 | . . 2 13 47 10 6 4 Impact . | . . . . . . . . Slashing 33 | . . 2 13 13 3 . 2 Piercing . | . . . . . . . . Sneak Attacks 40 | . . . . 34 6 . . Combat Hostiles 1 | . . . . . 1 . . Follow-up Attacks . | . . . . . . . . Damage Inflicted 14588 | 71 559 965 2879 2737 1675 2460 3242 Guns 3621 | 71 559 601 1348 260 . . 782 Cannons 7126 | . . 364 1262 535 1429 2164 1372 Explosions 3827 | . . . 269 1942 246 296 1074 Melee . | . . . . . . . . Ramming . | . . . . . . . . Kinetic 7170 | 20 212 439 1304 2092 645 887 1571 Thermal 7368 | 51 347 476 1575 645 1030 1573 1671 Explosive . | . . . . . . . . Electromagnetic 50 | . . 50 . . . . . Impact . | . . . . . . . . Slashing . | . . . . . . . . Piercing . | . . . . . . . . Highest Corruption 5 | . . . . 1 2 4 5 Average Corruption 2 | . . . . 1 1 3 3 Corruption Purged . | . . . . . . . . Corruption Blocked . | . . . . . . . . Effects 60 | . . . . 15 13 27 5 Message Errors 16 | . . . . 6 2 4 4 Matter Fused 17 | . . . . 4 4 9 . Heat Flow Errors 6 | . . . . 1 2 3 . Energy Discharges 6 | . . . . 2 2 2 . Parts Fused 1 | . . . . 1 . . . Data Loss (minor) 8 | . . . . . 1 6 1 Data Loss (major) 3 | . . . . . 1 2 . Misfires 1 | . . . . . . 1 . Alerts 2 | . . . . 1 1 . . Overload Shots . | . . . . . . . . Overflow Damage 248 | . . . 28 56 21 88 55 Projectiles 148 | . . . 28 11 15 88 6 Explosions 100 | . . . . 45 6 . 49 Melee . | . . . . . . . . Knockbacks 47 | . . 1 13 2 6 12 13 Impact . | . . . . . . . . Kinetic 45 | . . 1 13 2 6 11 12 Secondary 2 | . . . . . . 1 1 Self-Inflicted Damage 331 | . . . . 238 . 56 37 Shots 9 | . . . . 6 . 2 1 Rammed . | . . . . . . . . Targets Rammed . | . . . . . . . . Kicked . | . . . . . . . . Crushed . | . . . . . . . . Highest Temperature 819 | 50 331 4 819 228 468 498 509 Average Temperature 143 | 22 87 3 205 79 141 102 182 Received Heat Transfer 2073 | . 171 162 693 153 225 252 417 Effects 55 | . 2 . 34 . 3 2 14 Shutdowns 16 | . . . 6 . 3 2 5 Energy Bleed 4 | . . . 3 . . . 1 Interference 6 | . 2 . 2 . . . 2 Matter Decay 7 | . . . 6 . . . 1 Short Circuit 2 | . . . 2 . . . . Damage (minor) 5 | . . . 5 . . . . Damage (major) 12 | . . . 8 . . . 4 Damage (core) 3 | . . . 2 . . . 1 Siege Activations . | . . . . . . . . Martial Activations . | . . . . . . . . Shielding Activations . | . . . . . . . . Robots Disrupted . | . . . . . . . . Combat Hostiles . | . . . . . . . . Robots Corrupted . | . . . . . . . . Combat Hostiles . | . . . . . . . . Parts Fried . | . . . . . . . . Impact Corruptions . | . . . . . . . . Robots Melted 3 | . . . 1 1 . . 1 Combat Hostiles 3 | . . . 1 1 . . 1 Parts Melted 11 | 1 1 1 2 1 1 2 2 Heat Transferred 12105 | 222 1147 880 2415 1147 1406 1996 2892 Parts Sabotaged . | . . . . . . . . Parts Stolen . | . . . . . . . . Parts Stripped . | . . . . . . . . Power Chain Reactions . | . . . . . . . . Alert | -11 -10 -10 -8 -8 -8 -8 -7 ------- Run | Yrd Mat Sub Mat Gar Mat Gar Fac Maximum Alert Level 5 | . . . 1 5 4 5 4 Low Security (%) 32 | 100 100 . 49 . . . . Level 1 15 | . . . 50 9 . . . Level 2 2 | . . . . 11 . . . Level 3 26 | . . . . 24 79 37 86 Level 4 18 | . . . . 41 20 45 13 Level 5 5 | . . . . 12 . 17 . High Security . | . . . . . . . . Max Security . | . . . . . . . . Peak Influence 1770 | 5 95 . 363 1770 1189 1722 1172 Initial 903 | . . . . 194 862 761 903 Average 640 | 1 21 . 196 1107 970 1245 879 Influence Increases 6071 | 15 301 20 974 1746 1137 1061 817 Destroy 0b10 Robot/C 2800 | . 140 20 520 640 540 520 420 Destroy 0b10 Robot/NC 275 | 15 30 . 90 . 50 . 90 Destroy Leader 480 | . 36 . 146 20 138 30 110 Allied During Kill 349 | . . . . 177 164 8 . Successful Hack 144 | . 40 . 48 14 19 16 7 Select Force Hacks 150 | . 30 . 60 . 60 . . Disable Machine 270 | . 15 . 15 90 75 30 45 Anti-Garrison Action 900 | . . . . 550 . 350 . Destroy Structure 388 | . 10 . 35 135 46 107 55 Lose Combat Pursuer 315 | . . . 60 120 45 . 90 Influence Decreases 4915 | 15 262 59 675 275 1736 510 1383 Entered New Map 2261 | . . 19 . 105 908 410 819 Time Decay 1824 | 15 262 40 645 . 458 . 404 Lost Part 220 | . . . 30 10 . 20 160 Lost Ally 310 | . . . . 160 70 80 . Purge Threat 300 | . . . . . 300 . . Squads Dispatched 26 | . 2 . 7 . 10 . 7 Investigation 8 | . 2 . 2 . 3 . 1 Extermination 1 | . . . . . . . 1 Reinforcement 10 | . . . 5 . 1 . 4 Assault 3 | . . . . . 2 . 1 Garrison 4 | . . . . . 4 . . Intercept . | . . . . . . . . Searches Triggered . | . . . . . . . . Construction Impeded 3 | . . . 1 . . . 2 Haulers Reinforced . | . . . . . . . . Active Scanning Responses . | . . . . . . . . Cargo Convoy Interrupts . | . . . . . . . . Stealth | -11 -10 -10 -8 -8 -8 -8 -7 --------- Run | Yrd Mat Sub Mat Gar Mat Gar Fac Distress Signals 7 | . 1 . 4 . 1 . 1 Communications Jammed . | . . . . . . . . Distress Signals . | . . . . . . . . Times Spotted 194 | . 13 9 42 31 32 30 37 Peak Tracking Total 7 | . 4 1 6 7 5 5 4 Tactical Retreats 11 | . . . 3 2 2 . 4 Traps | -11 -10 -10 -8 -8 -8 -8 -7 ------- Run | Yrd Mat Sub Mat Gar Mat Gar Fac Traps Triggered 12 | . 1 1 1 4 . 4 1 Indirectly . | . . . . . . . . Trap Hack Attempts . | . . . . . . . . Triggered . | . . . . . . . . Disarmed . | . . . . . . . . Reprogrammed . | . . . . . . . . Reused 4 | . . 4 . . . . . Traps Extracted . | . . . . . . . . Installed 5 | . . 5 . . . . . Triggered 1 | . . 1 . . . . . Most Traps Carried 4 | . . 4 1 . . . . Machines | -11 -10 -10 -8 -8 -8 -8 -7 ---------- Run | Yrd Mat Sub Mat Gar Mat Gar Fac Machines Disabled 26 | . 1 1 1 8 5 7 3 Max in Single Turn 2 | . 1 1 1 2 1 1 1 Garrison Access 1 | . . . . . . . 1 Garrison Relay 7 | . . . . 2 . 5 . Machines Repaired . | . . . . . . . . Machines Dismantled . | . . . . . . . . Machines Sabotaged . | . . . . . . . . Overloaded Fab Kills . | . . . . . . . . Hacking | -11 -10 -10 -8 -8 -8 -8 -7 --------- Run | Yrd Mat Sub Mat Gar Mat Gar Fac Machines Accessed 45 | . 11 2 12 3 13 1 3 Terminals 27 | . 8 . 6 3 8 1 1 Fabricators 1 | . . . . . . . 1 Repair Stations 4 | . 1 . 2 . 1 . . Recycling Units 6 | . 2 . 2 . 2 . . Scanalyzers 2 | . . . 1 . 1 . . Garrison Access 3 | . . . 1 . 1 . 1 Total Hacks 175 | . 48 13 42 4 56 2 10 Successful 115 | . 31 13 23 1 38 1 8 Failed 58 | . 16 . 18 3 18 1 2 Catastrophic 8 | . 1 . 1 . 6 . . Database Lockouts 2 | . 1 . 1 . . . . Manual 76 | . 24 . 25 3 19 1 4 Terminals 93 | . 32 . 28 4 24 2 3 Fabricators 5 | . . . . . . . 5 Repair Stations 22 | . 10 . 7 . 5 . . Recycling Units 15 | . 6 . 4 . 5 . . Scanalyzers 23 | . . . 2 . 21 . . Garrison Access 4 | . . . 1 . 1 . 2 Terminal Hacks 38 | . 10 13 5 1 8 1 . Record 12 | . . 12 . . . . . Robot Analysis 8 | . 7 . 1 . . . . Branch Access Points 1 | . . . 1 . . . . Machine Index 1 | . 1 . . . . . . Terminal Index 3 | . 1 . 1 . 1 . . Garrison Index 1 | . . . 1 . . . . Unreport Threat 2 | . . . . . 2 . . Locate Traps 3 | . 1 . . . 2 . . Recall Assault 1 | . . . . . 1 . . Zone Layout 3 | . . . 1 . 2 . . Garrison Registry 2 | . . . . 1 . 1 . Proto ID Catalog 1 | . . 1 . . . . . Fabricator Hacks 3 | . . . . . . . 3 Network Status 1 | . . . . . . . 1 Load Schematic 1 | . . . . . . . 1 Build 1 | . . . . . . . 1 Repair Station Hacks 17 | . 8 . 5 . 4 . . Scan Component 9 | . 4 . 3 . 2 . . Repair 8 | . 4 . 2 . 2 . . Recycling Unit Hacks 8 | . 4 . 2 . 2 . . Report Inventory 6 | . 2 . 2 . 2 . . Retrieve Components 2 | . 2 . . . . . . Scanalyzer 20 | . . . 2 . 18 . . Insert Component 5 | . . . 1 . 4 . . Analyze 12 | . . . 1 . 11 . . Retrieve Study 3 | . . . . . 3 . . Garrison Access Hacks 4 | . . . 1 . 1 . 2 Unlock Access 2 | . . . 1 . 1 . . Seal Access 1 | . . . . . . . 1 Coupler Status 1 | . . . . . . . 1 Unauthorized Hacks 25 | . 9 . 8 . 5 . 3 Terminals 19 | . 8 . 6 . 3 . 2 Assimilate 1 | . . . 1 . . . . Botnet 8 | . 3 . 2 . 2 . 1 Operators 4 | . 1 . 1 . 1 . 1 Skim 6 | . 4 . 2 . . . . Fabricators 1 | . . . . . . . 1 Haulers 1 | . . . . . . . 1 Repair Stations . | . . . . . . . . Recycling Units 5 | . 1 . 2 . 2 . . Tunnel 5 | . 1 . 2 . 2 . . Scanalyzers . | . . . . . . . . Garrison Access . | . . . . . . . . Data Cores Recovered 1 | . . . . . 1 . . Used 1 | . . . . . 1 . . Hacking Detections 32 | . 11 . 9 2 7 . 3 Full Trace Events 5 | . 1 . 1 1 1 . 1 Feedback Events 2 | . . . . 1 1 . . Corruption 2 | . . . . 1 1 . . Feedback Blocked . | . . . . . . . . Robot Schematics Acquired . | . . . . . . . . Robots Built . | . . . . . . . . Authchips . | . . . . . . . . Time . | . . . . . . . . Total Robot Build Rating . | . . . . . . . . Part Schematics Acquired 5 | . . . 1 . 4 . . Parts Built 1 | . . . . . . . 1 Authchips . | . . . . . . . . Time 62 | . . . . . . . 62 Total Part Build Rating 2 | . . . . . . . 2 Part Studies Acquired 3 | . . . . . 3 . . Parts Repaired 8 | . 4 . 2 . 2 . . Time 262 | . 110 . 82 . 70 . . Parts Recycled . | . . . . . . . . Recycled Matter . | . . . . . . . . Retrieved Matter . | . . . . . . . . Retrieved Components 10 | . 10 . . . . . . Parts Scanalyzed 5 | . . . 1 . 4 . . Part Schematics Acquired 5 | . . . 1 . 4 . . Parts Damaged . | . . . . . . . . Bothacking | -11 -10 -10 -8 -8 -8 -8 -7 ------------ Run | Yrd Mat Sub Mat Gar Mat Gar Fac Used RIF Installer 2 | . . . . 1 . 1 . Zone Cloak 1 | . . . . . . 1 . Robots Hacked 8 | . . . . . 3 4 1 Non-combat 2 | . . . . . 2 . . Combat 6 | . . . . . 1 4 1 Robot Hacks Applied 12 | . . . . . 5 5 2 ignore_repairs 1 | . . . . . 1 . . drop_inventory 1 | . . . . . 1 . . find_garrison 2 | . . . . . 1 . 1 reboot_system 1 | . . . . . . . 1 streamctrl_high 1 | . . . . . . 1 . formatsys_low 1 | . . . . . 1 . . formatsys_high 5 | . . . . . 1 4 . Relay Couplers Released 28 | . . . . 9 . 18 1 Machine Destruction 28 | . . . . 9 . 18 1 Attached 7 | . . . . . 2 4 1 Fabnet Peak Effective % . | . . . . . . . . Robots Rewired 12 | . . . . 12 . . . Allies Hacked . | . . . . . . . . Hacks Repelled . | . . . . . . . . Allies | -11 -10 -10 -8 -8 -8 -8 -7 -------- Run | Yrd Mat Sub Mat Gar Mat Gar Fac Total Allies 18 | . . . . 12 2 4 . Largest Group 9 | . . . . 9 5 2 . Highest-Rated Group 166 | . . . . 166 94 36 . Highest-Rated Ally 31 | . . . . 31 21 21 . Total Orders 68 | . . . . 19 40 9 . STAY 24 | . . . . 4 18 2 . FOLLOW 2 | . . . . . 1 1 . AID 42 | . . . . 15 21 6 . Ally Attacks 128 | . . . . 31 83 14 . Total Damage 2323 | . . . . 538 1540 245 . Kills 29 | . . . . 6 22 1 . Allies Corrupted . | . . . . . . . . Allies Melted 1 | . . . . 1 . . . Intel | -11 -10 -10 -8 -8 -8 -8 -7 ------- Run | Yrd Mat Sub Mat Gar Mat Gar Fac Active Infowar (turns) 11154 | 51 1733 4110 2654 58 1002 748 798 Terrain 744 | . . . . . . . 744 Seismic 10996 | 51 1733 4110 2654 58 1000 746 644 T.N.C. 2 | . . . . . 2 . . Triangulation 2 | . . . . . . 2 . Robot Analysis Total 8 | . 7 . 1 . . . . Derelict Logs Recovered 3 | . . 3 . . . . . Drone Launches . | . . . . . . . . Drone Recoveries . | . . . . . . . . Exploration | -11 -10 -10 -8 -8 -8 -8 -7 ------------- Run | Yrd Mat Sub Mat Gar Mat Gar Fac Turns Passed 15759 | 147 1864 5125 2897 1957 1143 1666 960 Spaces Moved 6472 | 70 800 2216 1067 804 566 661 288 Core 2 | 2 . . . . . . . Treads 1008 | 68 7 31 147 . . 516 239 Legs . | . . . . . . . . Wheels 5462 | . 793 2185 920 804 566 145 49 Hover . | . . . . . . . . Flight . | . . . . . . . . Fastest Speed 50 | 50 160 130 190 150 140 140 200 Average Speed 189 | 157 174 183 217 203 151 193 209 Slowest Speed 480 | 160 175 320 340 225 165 285 480 Overloaded Moves . | . . . . . . . . Propulsion Burnouts . | . . . . . . . . Robots Hopped . | . . . . . . . . Potential Cave-ins 6 | . . . 4 . . . 2 Cave-ins Triggered . | . . . . . . . . Exploration Rate (%) 51 | 4 99 75 67 56 38 59 10 Regions Visited 7 Branch Regions 1 Pre-discovered Areas 5 | . 1 . 2 . 2 . . Known Exits Taken 2 | . . . 1 . 1 . . Unknown Exits Taken 3 | 1 1 1 . . . . . Scrap Searched 16 | . . 16 . . . . . Spaces Dug 38 | . 11 1 13 5 5 . 3 Terrain Destroyed 392 | . 11 1 35 217 45 19 64 Melee 22 | . . 1 13 5 3 . . Projectile 54 | . 11 . 1 4 25 1 12 AOE 316 | . . . 21 208 17 18 52 Terrain Rammed . | . . . . . . . . Walls Destroyed . | . . . . . . . . Machines Disabled . | . . . . . . . . Actions | -11 -10 -10 -8 -8 -8 -8 -7 --------- Run | Yrd Mat Sub Mat Gar Mat Gar Fac Total 9058 | 93 1153 3195 1466 1012 752 885 502 Wait 1495 | 4 253 812 173 48 67 43 95 Move 6467 | 69 799 2215 1067 803 566 660 288 Hop . | . . . . . . . . Pick Up 137 | 7 23 32 32 10 10 15 8 Fast Attach 24 | 7 1 2 5 6 2 . 1 Attach 44 | . 1 11 10 3 3 6 10 Detach 2 | . . . 2 . . . . Swap 314 | . 26 51 55 47 45 58 32 Drop 113 | . 3 28 37 16 11 14 4 Fire 356 | 6 47 37 71 30 31 75 59 Melee 82 | . . 2 13 47 10 6 4 Ram . | . . . . . . . . Kick . | . . . . . . . . Crush . | . . . . . . . . Escape Stasis 4 | . . . . . . 4 . Rewire 2 | . . . . . . 2 . Trap 5 | . . 5 . . . . . Miscellaneous 13 | . . . 1 2 7 2 1 Route ------- -11/Scrapyard -10/Materials (discovered 5 exits: [*Mat x3] / [*Min] / *Sub) -10/Subcaves -8/Materials (discovered 2 exits: Fac / Gar) -8/Garrison (discovered 3 exits: *Mat x3) -8/Materials (discovered 3 exits: *Fac x2 / Gar) -8/Garrison (discovered 3 exits: *Fac x3) -7/Factory (discovered 1 exit: [*Fac]) History --------- Turn | Location | Event 27 | -11/Scrapyard | Discovered new exit (range 16) 148 | -11/Scrapyard | Entered Materials 316 | -10/Materials | Build established: Mutant 857 | -10/Materials | Discovered new exit (range 5) 1074 | -10/Materials | Discovered new exit (range 4) 1532 | -10/Materials | Discovered new exit (range 11) 1651 | -10/Materials | Central database locked down 1715 | -10/Materials | Discovered new exit (range 5) 1844 | -10/Materials | Repaired Med. Armor Plating 1871 | -10/Materials | Repaired Lgt. Treads 1898 | -10/Materials | Repaired Lgt. Treads 1925 | -10/Materials | Repaired Lgt. Armor Plating 1996 | -10/Materials | Discovered new exit (range 9) 2012 | -10/Materials | Entered Subcaves 2039 | -10/Subcaves | Shifting Twisted Machinery released Shrapnel Trap 2042 | -10/Subcaves | Shifting Twisted Machinery released Scrap Shield 2392 | -10/Subcaves | Learned Materials stockpile data 2417 | -10/Subcaves | Visited Clippyterm 2422 | -10/Subcaves | Learned Factory stockpile data 3136 | -10/Subcaves | Disturbed a concealed Subdweller 3147 | -10/Subcaves | Disturbed a concealed Subdweller 3929 | -10/Subcaves | Core integrity fell below 50% 4206 | -10/Subcaves | Build established: Scavenger-Mutant 4287 | -10/Subcaves | Learned location of 1 exit from Materials 4697 | -10/Subcaves | Visited 4L-MR0's lab 4735 | -10/Subcaves | Found Rainbow Chip 4925 | -10/Subcaves | Build established: Mutant 6383 | -10/Subcaves | Discovered new exit (range 10) 7137 | -10/Subcaves | Entered Materials 7137 | -8/Materials | Evolved 4 slots: Propulsion x1, Utility x2, Weapon x1 7138 | -8/Materials | Identified exit to Factory 7777 | -8/Materials | Build established: Gunner 8078 | -8/Materials | Build established: Scavenger-Gunner 9283 | -8/Materials | Repaired Flak Cannon? 9777 | -8/Materials | Central database locked down 9845 | -8/Materials | Repaired Corrupted Multitool 10034 | -8/Materials | Identified exit to Garrison 10034 | -8/Materials | Entered Garrison 10077 | -8/Garrison | Core integrity fell below 50% 10230 | -8/Garrison | Garrison Relay disabled 10341 | -8/Garrison | Triggered checkpoint 10449 | -8/Garrison | Triggered checkpoint 10570 | -8/Garrison | Triggered checkpoint 10710 | -8/Garrison | Build established: Commander-Gunner 10794 | -8/Garrison | Warlord forces raided the area 10844 | -8/Garrison | Triggered checkpoint 10866 | -8/Garrison | Triggered checkpoint 10890 | -8/Garrison | Triggered checkpoint 10922 | -8/Garrison | Triggered checkpoint 10938 | -8/Garrison | Triggered checkpoint 10980 | -8/Garrison | Spotted B-75 Beast 11042 | -8/Garrison | Lost 13 allies 11079 | -8/Garrison | Discovered new exit (range 13) 11118 | -8/Garrison | Triggered checkpoint 11178 | -8/Garrison | Discovered new exit (range 65) 11178 | -8/Garrison | Discovered new exit (range 25) 11178 | -8/Garrison | Discovered new exit (range 55) 11209 | -8/Garrison | Triggered checkpoint 11216 | -8/Garrison | Triggered checkpoint 11274 | -8/Garrison | Build established: Scavenger-Gunner 11328 | -8/Garrison | Triggered checkpoint 11455 | -8/Garrison | Installed Relay Interface Framework 11580 | -8/Garrison | Garrison Relay disabled 11585 | -8/Garrison | Attached Rainbow Chip, gained temporary slots: Power, Propulsion, Utility, Weapon 11991 | -8/Garrison | Entered Materials 11991 | -8/Materials | Accompanied by 3 allies 12177 | -8/Materials | Build established: Bothacker-Gunner 12391 | -8/Materials | First assault squad dispatched 12612 | -8/Materials | Discovered exit to Factory (range 4) 12668 | -8/Materials | Repaired Sub. Shrapnel Launcher? 12683 | -8/Materials | Garrison activated, responded to threat 12796 | -8/Materials | Repaired Flak Cannon? 12973 | -8/Materials | Discovered exit to Factory (range 10) 13034 | -8/Materials | Garrison activated, responded to threat 13102 | -8/Materials | Build established: Scavenger-Gunner 13132 | -8/Materials | Identified exit to Garrison 13134 | -8/Materials | Entered Garrison 13134 | -8/Garrison | Accompanied by 1 ally 13168 | -8/Garrison | Triggered checkpoint 13219 | -8/Garrison | Garrison Relay disabled 13406 | -8/Garrison | P-60 Hacker assimilated allied Defender 3g 13618 | -8/Garrison | Triggered checkpoint 13627 | -8/Garrison | Core integrity fell below 20% 13673 | -8/Garrison | Triggered checkpoint 13745 | -8/Garrison | Discovered exit to Factory (range 42) 13745 | -8/Garrison | Discovered exit to Factory (range 72) 13745 | -8/Garrison | Discovered exit to Factory (range 20) 13809 | -8/Garrison | Triggered checkpoint 13905 | -8/Garrison | Expanded RIF knowledge: Zone Cloak 13929 | -8/Garrison | Garrison Relay disabled 14394 | -8/Garrison | Garrison Relay disabled 14476 | -8/Garrison | Triggered checkpoint 14504 | -8/Garrison | Garrison Relay disabled 14521 | -8/Garrison | Garrison Relay disabled 14641 | -8/Garrison | Build established: Scavenger-Tank 14800 | -8/Garrison | Entered Factory 14800 | -7/Factory | Evolved 2 slots: Propulsion x1, Utility x1 14966 | -7/Factory | Fabricated Sub. Shrapnel Launcher (x1) 15100 | -7/Factory | Build established: Scavenger-Skirmisher 15199 | -7/Factory | Discovered new exit (range 10) 15572 | -7/Factory | Lost 8 parts (1p3n1u3w) 15600 | -7/Factory | First assault squad dispatched 15760 | -7/Factory | Self-destructed Last Messages --------------- 15653_ G-47 Trooper unfolds itself. 15653_ L-41 Fighter unfolds itself. 15653_ G-47 Trooper unfolds itself. 15653_ M-28 Smith unfolds itself. 15666_ 1 ZOLFDKID&DT55JC >T8BS=1Z>CO 15668_ HV Slug penetrates Wall. 15672_ Hrd. Medium Armor Plating destroyed. 15675_ L-41 Fighter knocked back. 15678_ L-41 Fighter destroyed. 15685_ %LVFRE 15736_ Manufacturing Mainframe disabled. 15739_ G-50 Soldier suffers critical hit (Destroy). 15739_ G-50 Soldier destroyed. 15749_ Bore Cannon destroyed. 15749_ Critical hit (Burn: +37). 15752_ Med. Treads destroyed. 15752_ G-47 Trooper destroyed. 15755_ Imp. Ion Engine destroyed. Map ----- +----------------------------------------------------+ | ?????????????????????????????????????# | | ?????????????????????????????????????# %* % | | ???????????????????????????????????? # #"" # | | ??????????????????????????????????? ?# ## # | | ????????????????????????? ???????? " # ?# # | | ???????????????????????????????????" + ##### | | ???=???????????????????????????????? # #?### | | ???????????????????????????????????"?# ##### | | ???????????????????????????????????"?# # * | | ??????????????????? ? ?????? "?????? # " # | | ???????????????? ? ???????? " "???? # "%" # | | ?????????????? ??????###?##??????"???# " # | | ????????????????? ? ???#??## ??? ??"?# # | | ?????????????? ???? ?##?#?? ??? ????# # | | ??????????????????? ??##???#??? ?????# / | | ????????????????? ? ###??#???? ?? ?# # | | ??????????? ?? ??? #??##############^ # | | ??????????????+##???????# # # | | ????????????? ??? ?????# # # | | ???????????? ? ???????# """ """ # # | | ??????????"?""?""?"? ?#?# """ """ #o ##### | | ????????????"? """?? #??# """ """ # # ??? | | ???????????????""" ##?# # #???? | | ??????????"?"" """" %### """ """ /% #???? | | ????????# [+!g/% """ """ # # ??? | | ????????#?"?"" """ ]###=@ """ """% # #? ?? | | ?????????????" ""????#?## g # # ??? | | ?????????????" ""???????# g # #???? | | ??????????"?"?? ? ????# # ?? | | ????????????? ??? ???#?############## | | ??????????????##?????##??#?#?##?##???# | | ?????????????#??#??????????#??####???# | | ??????????#?????#???##?#????#?#??#?## """""" | | ???????????????#??????#????#??#??#??#T """""? | | ?????????????#?????#?#?????????????#?# ""???? | | ?????????????????????#?##?#?###????#?# "????? | | ?????????????????#?#?##?#?#????#?#???? "????? | | ??????????????????#?##??????#?#??#?#?? ??????? | | ?????????????????#?#?????#??##??????#? ????????? | | ???????????????????#??????#?#????????????????????? | | ??????????????????????????????#??????????????????? | | ?????????????????????????????????????????????????? | | ?????????????????????????????????????????????????? | | ?????????????????????????????????????????????????? | | ?????????????????????????????????????????????????? | | ?????????????????????????????????????????????????? | | ?????????????????????????????????????????????????? | | ?????????????????????????????????????????????????? | | ?????????????????????????????????????????????????? | | ?????????????????????????????????????????????????? | +----------------------------------------------------+ Best States ------------- Heat Dissipation 61 Energy Generation 27 Energy Capacity 485 Matter Stores 300 Matter Capacity 300 Sight Range 16 Terrain Scan Range 16 Terrain Scan Density 110 Armor Coverage 250 Resistance: TH 10 Evasion (%) 40 Targeting Accuracy 8 Recoil Reduction 5 Defensive Hacking 11 Relay Coupler Types 1 Relay Coupler Value 31 Item Schematics ----------------- Hacking Suite | -8/Materials | Scanalyzed Hrd. Medium Armor Plating | -8/Materials | Scanalyzed Sub. Shrapnel Launcher | -8/Materials | Scanalyzed Mak. System Shield | -8/Materials | Scanalyzed Imp. Terrain Scan Processor | -8/Materials | Scanalyzed Robot Schematics ------------------ None Fabricated ------------ Sub. Shrapnel Launcher | x1 | -7/Factory Repaired ---------- Med. Armor Plating | 62% | -10/Materials Lgt. Treads | 27% | -10/Materials Lgt. Treads | 47% | -10/Materials Lgt. Armor Plating | 52% | -10/Materials Flak Cannon | 40% | -8/Materials Multitool | 80% | -8/Materials | Corrupted Sub. Shrapnel Launcher | 37% | -8/Materials Flak Cannon | 28% | -8/Materials Studied --------- Lgt. Treads | -8/Materials | Hacked Arm. Treads | -8/Materials | Hacked Arm. Wheel | -8/Materials | Hacked Alien Tech Used ----------------- None Achievements -------------- Bumper Bots Construction Begets Destruction Plot Armor Challenges ------------ None Game ------ Seed MiniHardcellCycler Manual? 0 Play Time 04:46:25 Cumulative 50.1 hours Start 2025.11.19 @ 17:51:25 End 2025.11.20 @ 18:14:49 Sessions 5 Manual Loads 0 Difficulty Rogue Special Mode None Game No. 29 Rogue 29 Adventurer 0 Explorer 0 Win Type - Total 1 Types 1/0/0/0/0/0/0/0/0/0 Lore% 22 Gallery% 27 Achievement% 34 Wizard Run 0 Options --------- Layout 0 ASCII 0 Keyboard 0 Movement Mouse Keybinds 0 Fullscreen 1 Font 18/SmallcapsGlow Map View 76x50 Zoom Use 0% Tactical HUD 1 Map Filters NONE Filters NONE Steam 1 RUN: d89874c4-d166-4518-b55d-d7e2f6d833ce